 Dungeon Sprint DCSS version 0.30-a0-134-gb40fab5c76 (webtiles) character file.

Game seed: 13068461559487577899

1000000 fingers the Talismancer (level 13, -15/77 HPs)
             Began as a Spriggan Artificer on Sept 19, 2022.
             Demolished by a meat berserker
             ... wielding a +9 battleaxe
              (92 damage)
             ... in the Dungeon (Sprint VIII: "Arena of Blood").
             The game lasted 00:01:00 (10 turns).

fingers the Talismancer (Spriggan Artificer)          Turns: 10, Time: 00:01:00

Health: -15/77     AC:  2    Str:  8    XL:     13   Next: 77%
Magic:  14/14      EV: 41    Int: 14    God:
Gold:   0          SH:  0    Dex: 19    Spells: 12/12 levels left

rFire   . . .      SeeInvis +    l - +∞ Axe of Woe
rCold   . . .      Faith    .    (shield currently unavailable)
rNeg    . . .      Spirit   .    b - +0 robe
rPois   .          Reflect  .    (helmet restricted)
rElec   .          Harm     .    (no cloak)
rCorr   .          Rampage  .    (gloves unavailable)
Will    ++...      NoTele   +    (boots unavailable)
Stlth   ++++......               (no amulet)
HPRegen 0.22/turn                (no ring)
MPRegen 0.14/turn                (no ring)

@: very quick
A: very small, no large weapons, unfitting armour, see invisible, speed 3
a: no special abilities


You were in the Dungeon.
You visited 1 branch

Inventory:

Hand Weapons
 a - a +0 club
 l - the +∞ Axe of Woe (weapon)
   (You found it in the Dungeon)
Armour
 b - a +0 robe (worn)
Wands
 c - a wand of flame (15) (quivered)
 d - a wand of charming (13)
 e - a wand of iceblast (5)
Scrolls
 k - a scroll of blinking
Potions
 f - a potion of curing
 g - a potion of heal wounds
 h - a potion of haste
 i - 2 potions of magic
 j - a potion of berserk rage


   Skills:
 * Level 13.3 Fighting
 * Level 14.3 Axes
 O Level 27 Dodging
 + Level 8.4 Stealth
 O Level 27 Evocations


You had 12 spell levels left.
You didn't know any spells.
Your spell library was empty.

Dungeon Overview and Level Annotations

Branches:
Dungeon (1/1)

Altars:
Makhleb


Innate Abilities, Weirdness & Mutations

You are very small and have problems with some larger weapons.
You are too small for most types of armour.
You have supernaturally acute eyesight. (SInv)
You cover ground extremely quickly. (Speed+++)


Message History

You hear a shout!
A meat berserker comes into view. It is wielding a +9 battleaxe.
You hear a shout! x16
Your meat berserker rages.
You slash the bag of meat! You chop the bag of meat into pieces.
You kill the bag of meat!
You hit the bag of meat.
You fatally mangle the bag of meat.
You kill the bag of meat!
The meat berserker appears out of thin air!
A meat berserker comes into view. It is wielding a +9 battleaxe.
The meat berserker shouts!
You hear a shout! x8
Your meat berserker hits the meat berserker with a +9 battleaxe!!!
You hear a shout! x2
Your Fighting skill gained 6 levels and is now at level 9!
Your Axes skill gained 6 levels and is now at level 10!
You have mastered Dodging!
Your Stealth skill gained 2 levels and is now at level 7!
You have reached level 12!
You have reached level 13!
Welcome back, fingers the Spriggan Artificer.
Press ? for a list of commands and other information.
You hit the meat berserker.
You fatally mangle the meat berserker.
You kill the meat berserker!
You hear a shout! x6
A bag of meat comes into view. It is wielding a +9 war axe. x2
The meat berserker rages.
You hear a shout! x3
Your Fighting skill gained 4 levels and is now at level 13!
Your Axes skill gained 4 levels and is now at level 14!
Your Stealth skill increases to level 8!
The bag of meat shouts!
You hit the bag of meat.
You pulverise the bag of meat into a thin bloody mist.
You kill the bag of meat!
You hear a shout! x5
The meat berserker is no longer charmed.
You hear a shout!
The meat berserker hits you with a +9 battleaxe!!!!
Ouch! That really hurt!
You die...

.. o. #. .# #..
..# .###..
..###.
..O...###......
....._o....
#..O).# #_)@)_#
#....O#
....._.....
.....o###......
.###.. ..###.
#.. o.# #. .#
.. ..


You could see 3 meat berserkers and 4 bags of meat.

Vanquished Creatures
  2 ogres (D)
  3 orcs (D)
5 creatures vanquished.

Notes
Turn   | Place    | Note
-------+----------+-------------------------------------------
     0 | D        | Found the +∞ Axe of Woe
     0 | D        | fingers the Spriggan Artificer began the quest for the Orb.
     0 | D        | Reached XP level 1. HP: 9/9 MP: 2/2
     0 | D        | Noticed a meat berserker
     2 | D        | Noticed a bag of meat
     2 | D        | Noticed a bag of meat
     2 | D        | Noticed a bag of meat
     3 | D        | Noticed a meat berserker
     4 | D        | Killed a meat berserker
     4 | D        | Noticed a bag of meat
     5 | D        | Reached skill level 5 in Stealth
     5 | D        | Reached skill level 27 in Evocations
     5 | D        | Reached XP level 2. HP: 16/16 MP: 3/3
     5 | D        | Reached XP level 3. HP: 20/20 MP: 4/4
     5 | D        | Reached XP level 4. HP: 24/24 MP: 5/5
     5 | D        | Reached XP level 5. HP: 28/28 MP: 6/6
     5 | D        | Reached XP level 6. HP: 32/32 MP: 7/7
     5 | D        | Reached XP level 7. HP: 36/36 MP: 8/8
     5 | D        | Reached XP level 8. HP: 40/40 MP: 9/9
     5 | D        | Reached XP level 9. HP: 44/44 MP: 10/10
     5 | D        | Reached XP level 10. HP: 49/49 MP: 11/11
     5 | D        | Reached XP level 11. HP: 52/52 MP: 12/12
     5 | D        | Noticed a meat berserker
     6 | D        | Noticed a bag of meat
     7 | D        | Noticed a meat berserker
     8 | D        | Killed a bag of meat
     8 | D        | Killed a bag of meat
     8 | D        | Noticed a meat berserker
     9 | D        | Reached skill level 10 in Axes
     9 | D        | Reached skill level 27 in Dodging
     9 | D        | Reached XP level 12. HP: 66/66 MP: 13/13
     9 | D        | Reached XP level 13. HP: 70/70 MP: 14/14
     9 | D        | Killed a meat berserker
     9 | D        | Noticed a bag of meat
     9 | D        | Noticed a bag of meat
    10 | D        | Killed a bag of meat
    10 | D        | Demolished by a meat berserker

Illustrated notes

Levels and vault maps discovered:
D:        meatsprint

Skill      XL: |  1  2  3  4  5  6  7  8  9 10 11 12 13 |
---------------+----------------------------------------+-----
Fighting       | 3 9 13 | 13.3
Axes           | 4 10 14 | 14.3
Dodging        | 23 27 | 27.0
Stealth        | 5 7 8 |  8.4
Evocations     | 27 | 27.0

Action                   |  1- 3 |  4- 6 |  7- 9 | 10-12 | 13-15 || total
-------------------------+-------+-------+-------+-------+-------++-------
Melee: Broad axe         |     1 |       |       |     1 |     2 ||     4
Evoke: Wand              |     1 |       |       |     1 |       ||     2

Table legend: (Time is in decaauts)
 A = Elapsed time spent in this place.
 B = Non-inter-level travel time spent in this place.
 C = Inter-level travel time spent in this place.
 D = Time resting spent in this place.
 E = Time spent auto-exploring this place.
 F = Levels seen in this place.
 G = Mean time per level.
                   A        B        C        D        E       F      G
               +--------+--------+--------+--------+--------+-----+--------+
         Total |     11 |     11 |      0 |      0 |      0 |   1 |   11.0 |
       Dungeon |     11 |     11 |      0 |      0 |      0 |   1 |   11.0 |
               +--------+--------+--------+--------+--------+-----+--------+

Top non-repeatable levels by time:
       D: 11 daAuts
